 Dungeon Crawl Stone Soup version 0.31-a0-145-g046c7d2549 (webtiles) character file.

Game seed: 14156305985748705886

88 Sjablonen the Caller (level 4, -1/30 HPs)
             Began as a Demonspawn Summoner on June 7, 2023.
             Slain by a gnoll
             ... wielding a +0 flail
              (9 damage)
             ... on level 2 of the Dungeon on June 8, 2023.
             The game lasted 00:08:58 (1728 turns).

Sjablonen the Caller (Demonspawn Summoner)          Turns: 1728, Time: 00:08:59

Health: -1/30      AC:  8    Str:  8    XL:     4   Next: 30%
Magic:  7/7        EV: 12    Int: 19    God:
Gold:   40         SH:  0    Dex: 13    Spells: 6/7 levels left

rFire   . . .        j - +0 spear
rCold   . . .        (no shield)
rNeg    . . .        a - +0 robe
rPois   +            (no helmet)
rElec   .            (no cloak)
rCorr   .            (no gloves)
SInv    .            (no boots)
Will    .....        (no amulet)
Stlth   ++           e - ring of poison resistance
HPRegen 0.25/turn    (no ring)
MPRegen 0.10/turn

%: no passive effects
@: sanguine armoured
A: sanguine armour 1
a: no special abilities


You were on level 2 of the Dungeon.
You visited 1 branch of the dungeon, and saw 2 of its levels.

You collected 40 gold pieces.

Inventory:

Hand Weapons
 j - a +0 spear (weapon)
Armour
 a - a +0 robe (worn)
Jewellery
 e - a ring of poison resistance (left hand)
 k - a ring of magical power
Scrolls
 c - 3 scrolls of identify {unknown}
 d - a scroll of butterflies {unknown}
 g - a scroll of enchant weapon {unknown}
 h - 2 scrolls of teleportation {unknown}
Potions
 b - a potion of magic
 f - a potion of heal wounds {unknown}
 i - a potion of mutation {unknown}
 l - a potion of degeneration {unknown}


   Skills:
 - Level 3.0 Dodging
 - Level 2.0 Stealth
 - Level 2.0 Spellcasting
 + Level 5.1 Summonings


You had 6 spell levels left.
You knew the following spells:

 Your Spells              Type           Power      Damage    Failure   Level
a - Summon Small Mammal   Summ           84%        N/A       1%          1

Your spell library contained the following spells:

 Spells                   Type           Power      Damage    Failure   Level
 Call Imp                 Summ           42%        N/A       3%          2
 Call Canine Familiar     Summ           21%        N/A       6%          3
 Summon Guardian Golem    Hex/Summ       11%        N/A       19%         3
 Summon Lightning Spire   Summ/Air       11%        N/A       52%         4
 Orb of Destruction       Conj           0%         9d5       100%        7
 Spellforged Servitor     Conj/Summ      5%         N/A       100%        7


Dungeon Overview and Level Annotations

Branches:
Dungeon (2/15)

Altars:


Innate Abilities, Weirdness & Mutations

When seriously injured, your blood forms armour. (AC +6)


Message History

Your quokka dies!
Your quokka's corpse disappears in a puff of smoke!
Something hits your quokka.
You hit the gnoll but do no damage.
The gnoll is moderately wounded.
The gnoll hits you with a +0 flail.
You completely miss the gnoll. You punch the gnoll, but do no damage.
The gnoll is moderately wounded.
The gnoll completely misses you. The gnoll misses you.
You hit the gnoll but do no damage.
The gnoll is moderately wounded.
Your quokka disappears in a puff of smoke!
The gnoll hits you with a +0 flail.
Your blood congeals into armour.
You hit the gnoll but do no damage.
The gnoll is moderately wounded.
The gnoll hits you with a +0 flail!
You hit the gnoll but do no damage.
The gnoll is moderately wounded.
The gnoll completely misses you.
You hit the gnoll but do no damage.
The gnoll is moderately wounded.
The gnoll hits you with a +0 flail.
* * * LOW HITPOINT WARNING * * *
You barely miss the gnoll.
The gnoll is moderately wounded.
The bat hits you but does no damage. The gnoll closely misses you.
You hit the gnoll.
The gnoll is heavily wounded.
The bat closely misses you. The gnoll closely misses you.
You barely miss the gnoll.
The gnoll is heavily wounded.
The bat barely misses you. The bat closely misses you.
The gnoll barely misses you.
You closely miss the gnoll.
The gnoll is heavily wounded.
The gnoll closely misses you. The bat closely misses you.
You hit the gnoll but do no damage.
The gnoll is heavily wounded.
The bat barely misses you. The gnoll hits you with a +0 flail!
You die...

###### #....#####
####.....###### ..
#####......### ...##
###############....
~.....###..............>...
~~~~.....g#.######..######.
~~PP~.P~..@...............(
≈≈≈≈~~≈~..~b.~..~~~...~...#
≈≈≈≈≈≈~P~P~~~~≈÷~))..~.####
≈≈≈≈≈≈≈~~~≈≈≈≈≈≈≈≈~~P~≈≈≈#
P≈~≈~≈≈≈~~~~~≈≈≈≈≈≈≈≈≈≈≈≈≈≈
...~.≈≈.~P~~..~.~~≈≈≈≈≈≈≈≈≈
......~~.......~~.~...#####
.......................
...#..............


You could see a gnoll and a bat.

Vanquished Creatures
  A gnoll (D:2)
  2 adders (D:2)
  6 endoplasms
  2 goblins
  4 kobolds
  3 quokkas
  2 frilled lizards (D:1)
  2 rats (D:1)
22 creatures vanquished.

Vanquished Creatures (collateral kills)
  2 adders (D:2)
  A worm (D:2)
  2 ball pythons (D:1)
  2 endoplasms
  A goblin (D:1)
  A hobgoblin (D:1)
  2 kobolds
  A frilled lizard (D:1)
  5 rats
17 creatures vanquished.

Grand Total: 39 creatures vanquished

Notes
Turn   | Place    | Note
-------+----------+-------------------------------------------
     0 | D:1      | Sjablonen the Demonspawn Summoner began the quest for the
                  | Orb.
     0 | D:1      | Reached XP level 1. HP: 13/13 MP: 3/3
   157 | D:1      | Gained mutation: When seriously injured, your blood forms
                  | armour. (AC +6) [demonic ancestry]
   157 | D:1      | Reached XP level 2. HP: 16/19 MP: 3/5
   882 | D:2      | Reached XP level 3. HP: 21/24 MP: 3/6
  1265 | D:2      | Reached XP level 4. HP: 28/30 MP: 4/7
  1413 | D:2      | Reached skill level 5 in Summonings
  1728 | D:2      | Slain by a gnoll

Illustrated notes

Levels and vault maps discovered:
D:1:      dpeg_arrival_tiny_j, layout_basic, hangedman_decor_points,
          minmay_misc_feat_tiny
D:2:      layout_rooms, basic_altar, chequers_big_river

Skill      XL: |  1  2  3  4 |
---------------+-------------+-----
Dodging        | 2 3 |  3.0
Stealth        | 2 |  2.0
Summonings     | 5 |  5.1
Spellcasting   | |  2.0

Action                     |  1- 3 |  4- 6 || total
---------------------------+-------+-------++-------
  Melee: Unarmed           |     9 |       ||     9
         Dagger            |    37 |       ||    37
         Punch             |     1 |     1 ||     2
         Spear             |    42 |    87 ||   129
   Cast: Summon Small Mamm |    29 |    19 ||    48
   Stab: Sleeping          |     3 |       ||     3
 Armour: Robe              |    27 |     3 ||    30
  Dodge: Dodged            |    54 |    23 ||    77

Table legend: (Time is in decaauts)
 A = Elapsed time spent in this place.
 B = Non-inter-level travel time spent in this place.
 C = Inter-level travel time spent in this place.
 D = Time resting spent in this place.
 E = Time spent auto-exploring this place.
 F = Levels seen in this place.
 G = Mean time per level.
                   A        B        C        D        E       F      G
               +--------+--------+--------+--------+--------+-----+--------+
         Total |   1746 |   1677 |     69 |     21 |    997 |   2 |  873.0 |
       Dungeon |   1746 |   1677 |     69 |     21 |    997 |   2 |  873.0 |
               +--------+--------+--------+--------+--------+-----+--------+

Top non-repeatable levels by time:
     D:2: 891 daAuts
     D:1: 855 daAuts
